 Dungeon Crawl Stone Soup version 0.30.1-11-g7821555f0a (webtiles) character file.

Game seed: 14251701154865435598

77 RustandSilver the Trooper (level 4, -2/49 HPs)
             Began as an Ogre Cinder Acolyte on Dec 24, 2023.
             Was a High Priest of Ignis.
             Slain by a hound (3 damage)
             ... on level 4 of the Dungeon.
             The game lasted 00:05:38 (2019 turns).

RustandSilver the Trooper (Ogre Cinder Acolyte)     Turns: 2019, Time: 00:05:39

Health: -2/49      AC:  3    Str: 19 (20) XL:     4   Next: 34%
Magic:  4/6        EV:  9    Int: 13 (15) God:    Ignis [*****.]
Gold:   37         SH:  0    Dex:  2 (4)  Spells: 4/6 levels left

rFire   + . .        a - -1 hand axe (flame)
rCold   . . .        (no shield)
rNeg    . . .        b - +0 robe
rPois   .            (helmet restricted)
rElec   .            (no cloak)
rCorr   .            (gloves unavailable)
SInv    .            (boots unavailable)
Will    .....        (no amulet)
Stlth   +            (no ring)
HPRegen 0.28/turn    (no ring)
MPRegen 0.10/turn

%: no passive effects
@: no status effects
A: large, unfitting armour, tough skin 1
a: Renounce Religion, Fiery Armour, Foxfire Swarm, Rising Flame


You were on level 4 of the Dungeon.
You worshipped Ignis.
Ignis was extremely pleased with you.
You visited 1 branch of the dungeon, and saw 3 of its levels.

You collected 37 gold pieces.

Inventory:

Hand Weapons
 a - a -1 hand axe of flaming (weapon)
 i - a +0 dagger
Armour
 b - a +0 robe (worn)
 f - a +2 pair of boots
Scrolls
 c - 2 scrolls of teleportation {unknown}
 d - a scroll of identify {unknown}
 e - a scroll of enchant weapon {unknown}
 h - a scroll of poison {unknown}


   Skills:
 + Level 4.7 Fighting
 + Level 3.8 Axes
 + Level 1.1 Dodging
 + Level 0.2 Stealth
 + Level 1.5 Spellcasting
 + Level 3.0 Fire Magic


You had 4 spell levels left.
You knew the following spells:

 Your Spells              Type           Power      Damage    Failure   Level
a - Scorch                Fire           18%        2d5       12%         2

Your spell library contained the following spells:

 Spells                   Type           Power      Damage    Failure   Level


Dungeon Overview and Level Annotations

Branches:
Dungeon (2/15)

Altars:
Fedhas
Qazlal
Zin


Innate Abilities, Weirdness & Mutations

You are too large for most types of armour.
You have tough skin. (AC +1)


Message History

You closely miss the hound. The hound bites you.
You barely miss the hound. The hound bites you. x2
You barely miss the hound. The hound completely misses you.
The hound barely misses you.
You hit the hound. You burn the hound.
The hound is moderately wounded.
The hound bites you.
* * * LOW HITPOINT WARNING * * *
Casting: Scorch (safe; 10% risk of failure)
Confirm with . or Enter, or press ? or * to list all spells.
Flames lash the hound.
The hound is severely wounded.
The hound's fire resistance burns away.
The hound bites you.
* * * LOW HITPOINT WARNING * * *
The hound bites you.
* * * LOW HITPOINT WARNING * * *
It was a potion of degeneration.
There was something very wrong with that liquid.
You feel weakened.
You feel dopey.
You feel clumsy. The hound barely misses you.
You barely miss the hound.
The hound is severely wounded.
The hound bites you.
* * * LOW HITPOINT WARNING * * *
The hound barely misses you.
You hit the hound. You burn the hound.
The hound is severely wounded.
The hound bites you but does no damage.
You hit the hound but do no damage.
The hound is severely wounded.
The hound is no longer more vulnerable to fire.
The hound bites you.
* * * LOW HITPOINT WARNING * * *
The hound bites you.
* * * LOW HITPOINT WARNING * * *
Unknown command.
You hit the hound. You burn the hound.
The hound is almost dead.
The hound bites you.
You die...

.........# ....._...#
.........## ..........#
.._..⌠....# ..........#
#########
......._.#######........
..........††..##........
..##...#####....@.......
#########|...h..#####
#...............#
#.######..).....#
..#........# #.
#.#).......# #.
####.#†#'###### ##.
.....#)#.......
...######....####


You could see a hound.

Vanquished Creatures
  A hound (D:4)
  An adder (D:4)
  An orc (D:4)
  2 ball pythons
  3 bats
  An endoplasm (D:2)
  A giant cockroach (D:2)
  6 goblins
  3 hobgoblins
  5 jackals
  2 quokkas (D:4)
  A frilled lizard (D:1)
  4 kobolds
  2 rats
33 creatures vanquished.

Notes
Turn   | Place    | Note
-------+----------+-------------------------------------------
     0 | D:1      | RustandSilver the Ogre Cinder Acolyte began the quest for
                  | the Orb.
     0 | D:1      | Reached XP level 1. HP: 24/24 MP: 2/2
   283 | D:1      | Reached XP level 2. HP: 32/33 MP: 3/3
   488 | D:1      | Learned a level 2 spell: Scorch
   774 | D:1      | Found a faded altar of an unknown god.
  1432 | D:2      | Reached XP level 3. HP: 18/40 MP: 5/5
  1628 | D:2      | You fall into a shaft and drop 2 floors!
  1942 | D:4      | Found a glowing silver altar of Zin.
  1945 | D:4      | Found a stormy altar of Qazlal.
  1945 | D:4      | Found a blossoming altar of Fedhas.
  1959 | D:4      | Reached skill level 1 in Dodging
  1959 | D:4      | Reached XP level 4. HP: 11/49 MP: 3/6
  2018 | D:4      | HP: 1/49 [hound (3)]
  2019 | D:4      | Slain by a hound

Illustrated notes

Levels and vault maps discovered:
D:1:      lightli_arrival_boilingwater, layout_basic,
          shapermc_ecumenical_altar_notcrosses
D:2:      layout_basic
D:4:      layout_basic, grunt_temple_overflow_open,
          minmay_temple_entry_statues_pillars, ebering_ghost_rock_garden

Skill      XL: |  1  2  3 |
---------------+----------+-----
Fire Magic     | 3 |  3.0
Dodging        | 1 |  1.1
Fighting       | |  4.7
Axes           | |  3.8
Stealth        | |  0.2
Spellcasting   | |  1.5

Action                     |  1- 3 |  4- 6 || total
---------------------------+-------+-------++-------
  Melee: Hand axe          |   109 |    24 ||   133
   Cast: Scorch            |     3 |     1 ||     4
    Use: Potion            |     1 |     2 ||     3
 Armour: Robe              |    46 |     8 ||    54
  Dodge: Dodged            |    82 |    19 ||   101
